 Dungeon Crawl Stone Soup version 0.29-a0-360-g8ed1089bbe (webtiles) character file.

Game seed: 17881479789281172888

57 bande the Skirmisher (level 4, -6/29 HPs)
             Began as a Gargoyle Fighter on Apr 28, 2022.
             Killed by an exploding dart slug (29 damage)
             ... ignited by their inner flame
             ... on level 2 of the Dungeon.
             The game lasted 00:02:10 (1292 turns).

bande the Skirmisher (Gargoyle Fighter)             Turns: 1292, Time: 00:02:12

Health: -6/29      AC: 12    Str: 19    XL:     4   Next: 0%
Magic:  4/4        EV:  7    Int:  9    God:
Gold:   66         SH:  4    Dex: 11    Spells: 3/3 levels left

rFire   . . .      SeeInvis .   a - +0 war axe
rCold   . . .      Faith    .   c - +0 buckler
rNeg    + . .      Spirit   .   n - +0 chain mail
rPois   ∞          Reflect  .   (no helmet)
rElec   +          Harm     .   (no cloak)
rCorr   .          Rampage  .   (no gloves)
Will    .....                   (no boots)
Stlth   ..........              (no amulet)
HPRegen 0.09/turn               b - ring of flight
MPRegen 0.09/turn               (no ring)

@: flying
A: sickness immunity, AC +3, negative energy resistance 1, electricity
resistance, torment resistance 1, petrification resistance
a: no special abilities


You were on level 2 of the Dungeon.
You visited 1 branch of the dungeon, and saw 2 of its levels.

You collected 66 gold pieces.

Inventory:

Hand Weapons
 a - a +0 war axe (weapon)
Armour
 c - a +0 buckler (worn)
 n - a +0 chain mail (worn)
Jewellery
 b - a ring of flight (left hand)
Scrolls
 e - 2 scrolls of magic mapping
 h - a scroll of identify
 i - a scroll of teleportation
Potions
 d - a potion of might
 o - a potion of haste


   Skills:
 + Level 3.8 Fighting
 + Level 2.7 Axes
 + Level 3.6 Armour
 - Level 0.1 Dodging
 + Level 3.7 Shields


You had 3 spell levels left.
You didn't know any spells.
Your spell library contained the following spells:

 Spells                   Type           Power      Damage    Failure   Level
 Call Canine Familiar     Summ           0%         N/A       100%        3
 Frozen Ramparts          Ice            0%         1d2       100%        3
 Portal Projectile        Hex/Tloc       0%         N/A       100%        3
 Ice Form                 Ice/Tmut       0%         N/A       100%        4
 Leda's Liquefaction      Hex/Erth       0%         N/A       100%        4
 Summon Ice Beast         Ice/Summ       0%         N/A       100%        4


Dungeon Overview and Level Annotations

Branches:
Dungeon (2/15)

Altars:


Innate Abilities, Weirdness & Mutations

You are immune to sickness and miasma.
Your stone body is resilient. (AC +3)
You are immune to poison.
You resist negative energy. (rN+)
You are resistant to electric shocks. (rElec)
You are resistant to unholy torment.
You are immune to petrification.


Message History

There is an open door here.
The hobgoblin hits you but does no damage.
You slash the hobgoblin!
You kill the hobgoblin!
You have reached level 4!
You feel clever.
As you read the scroll labelled MOCOS FEJOIRU, it crumbles to dust.
You feel aware of your surroundings.
It was a scroll of magic mapping.
As you read the scroll labelled JYSKOI JAZEEDU, it crumbles to dust.
You hear a loud clanging noise!
It was a scroll of noise.
You hear an angry hiss.
As you read the scroll labelled JUSMAU IF XEM, it crumbles to dust.
You speak a Word of immense power!
It was a scroll of holy word.
As you read the scroll labelled JOSOORROPRE, it crumbles to dust.
It is a scroll of identify.
o - a potion of haste
As you read the scroll labelled KINUSU BIWI, it crumbles to dust.
You feel strangely unstable.
It was a scroll of teleportation.
As you read the scroll labelled HIAMU XUNIOHAD, it crumbles to dust.
Wisps of shadow whirl around you...
It was a scroll of summoning.
As you read the scroll labelled REOK MIHOENI, it crumbles to dust.
Your body is wracked with pain!
Your quokka convulses!
Your hobgoblin convulses!
Your goblin convulses!
It was a scroll of torment.
As you read the scroll labelled IGUJ LIATZER, it crumbles to dust.
You assume a fearsome visage.
Nothing appears to happen.
It was a scroll of fear.
Your surroundings suddenly seem different.
A dart slug comes into view.
As you read the scroll labelled SENIWY MIUNOGI, it crumbles to dust.
The creatures around you are filled with an inner flame!
It was a scroll of immolation.
You hit the dart slug.
Flame seeps out of the dart slug.
The dart slug is lightly wounded.
The dart slug is engulfed in blazing flames.
The dart slug explodes!
The fiery explosion engulfs you!!
Ouch! That really hurt!
You die...

†.# #....#.#,,**,*,,,,,* *,,,,,*
#####....#.#,,*#.#*,,,********,*
...........#,,*#.#,,,,+,,,,,,,,*
#####......#,....#,,,,**********
#####......#...#..,,,,*
.....###.......#.#*,,,*
.....'.†...##..#.#*,,,*
.....####......#.#*,,,*
........#...#..#@#*,,,*
#.#.#.#.#...#,.#○#*,,,*
......#.#.....,#.#*,,,*
....#.#.#......#.#***************
#.###.#.#......#.# *,,,,,,,,,,,,*
#.....#.#....>.#.# *,,,,,,,,,,,,*
#######.#,*,*,,#.#**,,,,,,,,,,,,*
.,,,,,,...*,*,,...,+,,,,,,,,,,,,*
#######...,,,,,*,***,,,,,,,,,,,,*


There were no monsters in sight!

Vanquished Creatures
  A gnoll (D:1)
  An adder (D:2)
  2 dart slugs
  A ball python (D:1)
  3 endoplasms
  3 giant cockroaches (D:1)
  2 goblins
  8 hobgoblins
  5 bats (D:1)
  4 kobolds
  3 rats
33 creatures vanquished.

Notes
Turn   | Place    | Note
-------+----------+-------------------------------------------
     0 | D:1      | bande the Gargoyle Fighter began the quest for the Orb.
     0 | D:1      | Reached XP level 1. HP: 14/14 MP: 1/1
   162 | D:1      | Reached XP level 2. HP: 19/19 MP: 2/2
   331 | D:1      | Found a faded altar of an unknown god.
   521 | D:1      | Reached XP level 3. HP: 9/24 MP: 3/3
  1283 | D:2      | Reached XP level 4. HP: 29/29 MP: 4/4
  1292 | D:2      | Killed by an exploding dart slug... ignited by their inner
                  | flame

Illustrated notes

Levels and vault maps discovered:
D:1:      eino_arrival_water_star, layout_basic, ebering_ecumenical_altar_mist
D:2:      layout_basic, glass_columns_a

Skill      XL: |  1  2 |
---------------+-------+-----
Axes           | 2 |  2.7
Fighting       | |  3.8
Armour         | |  3.6
Dodging        | |  0.1
Shields        | |  3.7

Action                   |  1- 3 |  4- 6 || total
-------------------------+-------+-------++-------
Melee: War axe           |    66 |     1 ||    67
  Use: Scroll            |       |     9 ||     9
Armor: Scale mail        |    21 |       ||    21
       Chain mail        |    11 |       ||    11
Dodge: Dodged            |    29 |       ||    29
Block: Buckler           |    18 |       ||    18

Table legend: (Time is in decaauts)
 A = Elapsed time spent in this place.
 B = Non-inter-level travel time spent in this place.
 C = Inter-level travel time spent in this place.
 D = Time resting spent in this place.
 E = Time spent auto-exploring this place.
 F = Levels seen in this place.
 G = Mean time per level.
                   A        B        C        D        E       F      G
               +--------+--------+--------+--------+--------+-----+--------+
         Total |   1320 |   1275 |     45 |      0 |   1036 |   2 |  660.0 |
       Dungeon |   1320 |   1275 |     45 |      0 |   1036 |   2 |  660.0 |
               +--------+--------+--------+--------+--------+-----+--------+

Top non-repeatable levels by time:
     D:1: 1042 daAuts
     D:2: 277 daAuts
